 Dungeon Crawl Stone Soup version 0.23.2-40-g277498a001 (webtiles) character file.

Game seed: 8855336177137796265

619 Descartes the Shield-Bearer (level 7, -11/56 HPs)
             Began as a Formicid Fighter on Sept 7, 2019.
             Was a Believer of Cheibriados.
             Mangled by an orc warrior
             ... wielding a +0 long sword
              (18 damage)
             ... on level 4 of the Dungeon.
             The game lasted 00:07:25 (3956 turns).

Descartes the Shield-Bearer (Formicid Fighter)      Turns: 3956, Time: 00:07:25

Health: -11/56     AC:  4    Str: 29    XL:     7   Next: 74%
Magic:  7/7        EV: 12    Int: 12    God:    Cheibriados [**....]
Gold:   240        SH: 12    Dex: 16    Spells: 6/6 levels left

rFire    . . .     SeeInvis +   a - +0 war axe
rCold    + . .     Gourm    .   c - +0 shield
rNeg     . . .     Faith    .   x - +1 leather armour {rC+}
rPois    .         Spirit   .   (helmet unavailable)
rElec    .         Reflect  .   (no cloak)
rCorr    .         Harm     .   (no gloves)
MR       .....                  (no boots)
Stlth    +.........             (no amulet)
HPRegen  0.18/turn              (no ring)
MPRegen  0.10/turn              (no ring)

@: mighty, very slow
A: permanent stasis, dig shafts and tunnels, four strong arms, antennae 3
a: Dig, Shaft Self, Bend Time, Renounce Religion


You were on level 4 of the Dungeon.
You worshipped Cheibriados.
Cheibriados was pleased with you.
You were hungry.

You visited 1 branch of the dungeon, and saw 4 of its levels.

You collected 240 gold pieces.

Inventory:

Hand Weapons
 a - a +0 war axe (weapon)
 p - a +0 scythe of venom
 r - a +1 dagger of venom
Missiles
 e - 113 stones (quivered)
 g - 37 poisoned needles
 l - 33 arrows
 v - 48 bolts
Armour
 c - a +0 shield (worn)
 x - a +1 leather armour of cold resistance (worn)
Scrolls
 d - a scroll of amnesia {unknown}
 k - 2 scrolls of identify {unknown}
 m - 2 scrolls of remove curse {unknown}
 n - a scroll of immolation {unknown}
 o - 2 scrolls of fog {unknown}
 t - a scroll of magic mapping {unknown}
 u - a scroll of fear {unknown}
Potions
 b - a potion of magic {unknown}
 h - 4 potions of brilliance {unknown}
 i - a potion of lignification {unknown}
 j - a potion of curing {unknown}
 s - a potion of ambrosia {unknown}
 w - a potion of heal wounds {unknown}
Comestibles
 f - 7 rations


   Skills:
 + Level 5.0 Fighting
 - Level 2.0 Axes
 + Level 5.0 Armour
 + Level 2.8 Dodging
 * Level 6.9 Shields
 + Level 1.1 Invocations


You had 6 spell levels left.
You didn't know any spells.
Your spell library was empty.

Dungeon Overview and Level Annotations

Branches:
Dungeon (4/15)
 Temple: D:4-7

Altars:
Cheibriados


Innate Abilities, Weirdness & Mutations

You cannot be hasted, slowed, berserked, paralysed or teleported.
You can dig through walls and to a lower floor.
Your four strong arms can wield two-handed weapons with a shield.
You have a pair of large antennae on your head. (SInv)


Message History

You hit the orc priest.
You kill the orc priest!
Cheibriados appreciates the change of pace.
Your Fighting skill increases to level 5!
You closely miss the orc warrior. You block the orc warrior's attack.
The orc warrior closely misses you.
You closely miss the orc warrior. The orc warrior barely misses you.
You barely miss the orc warrior.
The orc warrior hits you with a +0 long sword!
* * * LOW HITPOINT WARNING * * *
You slash the orc warrior!
The orc warrior is moderately wounded.
You block the orc warrior's attack.
You barely miss the orc warrior.
The orc warrior is moderately wounded.
The orc warrior hits you with a +0 long sword.
* * * LOW HITPOINT WARNING * * *
You feel very mighty all of a sudden.
The orc warrior hits you with a +0 long sword!!
You die...

#######.# . . ..
.. #.########.> ..
... . #...........
.... ..###
##.#########......
...# #...........#
#... #.#
###.#####...#
...##..
#..##..)=.#
.......
###.##oo###.# #
##... #.....@##
#.#.... ##.#.####
###.#.... #....#
#........ #.####
...#.#... ###
##....... #.#.#...
{ #.....<.
##...... ##.....


You could see an orc warrior and an orc.

Vanquished Creatures
  Sigmund (D:2)
  A crimson imp (D:3)
  2 orc priests
  A bullfrog skeleton (D:2)
  Jessica (D:2)
  Natasha (thrice) (D:2)
  2 worker ants (D:4)
  4 gnolls (D:3)
  6 adders
  3 adder skeletons
  2 worms
  A dart slug (D:1)
  4 leopard geckos
  2 orcs (D:2)
  A ball python (D:3)
  A bat zombie (D:2)
  4 giant cockroaches
  6 goblins
  8 hobgoblins
  3 quokkas
  7 bats
  7 frilled lizards
  A giant cockroach zombie (D:2)
  12 kobolds
  2 rats
85 creatures vanquished.

Notes
Turn   | Place    | Note
-------+----------+-------------------------------------------
     0 | D:1      | Descartes the Formicid Fighter began the quest for the Orb.
     0 | D:1      | Reached XP level 1. HP: 18/18 MP: 1/1
    79 | D:1      | Reached XP level 2. HP: 24/24 MP: 2/2
   177 | D:1      | Reached skill level 4 in Shields
   420 | D:1      | Reached XP level 3. HP: 29/29 MP: 3/3
   892 | D:2      | Reached skill level 1 in Dodging
   892 | D:2      | Reached XP level 4. HP: 37/37 MP: 4/4
  1023 | D:2      | Noticed Natasha
  1032 | D:2      | Killed Natasha
  1032 | D:2      | Reached skill level 5 in Shields
  1032 | D:2      | Reached XP level 5. HP: 9/42 MP: 5/5
  1276 | D:2      | Found a snail-covered altar of Cheibriados.
  1288 | D:2      | Became a worshipper of Cheibriados the Contemplative
  1620 | D:2      | Noticed Sigmund
  1631 | D:2      | Killed Sigmund
  1631 | D:2      | Reached skill level 6 in Shields
  1631 | D:2      | Reached XP level 6. HP: 28/49 MP: 6/6
  1929 | D:2      | Reached * piety under Cheibriados
  2221 | D:2      | Noticed Natasha
  2226 | D:2      | Killed Natasha
  2226 | D:2      | Reached XP level 7. HP: 52/55 MP: 7/7
  2235 | D:2      | Noticed Jessica
  2244 | D:2      | Killed Jessica
  2494 | D:2      | Noticed Natasha
  2507 | D:2      | Killed Natasha
  2750 | D:3      | You fall through a shaft!
  2990 | D:3      | Reached ** piety under Cheibriados
  3738 | D:4      | Reached skill level 5 in Armour
  3738 | D:4      | Reached skill level 1 in Invocations
  3948 | D:4      | Reached skill level 5 in Fighting
  3956 | D:4      | Mangled by an orc warrior

Skill      XL: |  1  2  3  4  5  6  7 |
---------------+----------------------+-----
Shields        | 4 5 6 |  6.9
Dodging        | 1 2 |  2.8
Fighting       | 4 5 |  5.0
Armour         | 4 5 |  5.0
Invocations    | 1 |  1.1
Axes           | |  2.0

Action                   |  1- 3 |  4- 6 |  7- 9 || total
-------------------------+-------+-------+-------++-------
Melee: War axe           |    68 |    87 |   154 ||   309
  Use: Potion            |       |     1 |     1 ||     2
  Eat: Chunk             |       |     4 |     2 ||     6
Armor: Scale mail        |    19 |    43 |    37 ||    99
       Leather armour    |       |       |     3 ||     3
Dodge: Dodged            |    23 |    45 |    63 ||   131
Block: Shield            |    36 |    65 |   120 ||   221
